AoeStats
← RDA Ronan

Arena

504360170Analyzed
4v4 RM · 27d ago on Sep 5, 2026· 52m 28s· 8 players
Game mode
Random Map
Map size
Large (8 player)
Population
200
Speed
Normal
Resources
Standard
Victory
Conquest
Starting age
Dark Age
Ending age
Imperial Age
RankedLock teamsTeams togetherTeam positionsShared explorationLock speedFull tech treeHidden civsTurbo modeCheats
Victory
Defeat
🇲🇽 Vikings · Mexico
1481
+8
🇦🇷 Koreans · Argentina
1315
+14
🇦🇷 Cumans · Argentina
1277
+15
🇦🇷 Persians · Argentina
1257
+15
🇨🇴 Teutons · Colombia
1330
-17
🇨🇴 Bohemians · Colombia
1275
-13
🇨🇴 Celts · Colombia
1251
-12
🇨🇴 Vikings · Colombia
1194
-10
Logan
11:54 Feudal Age
13:36 Wheelbarrow
16:38 Castle Age
15:53 Double-Bit Axe
18:06 Bow Saw
18:05 Horse Collar
38:50 Loom
42:16 Wagenburg Tactics
47:19 Imperial Age
45:44 Pikeman
46:44 Squires
46:32 Arson
46:54 Scale Mail Armor
47:04 Forging
47:33 Halberdier
48:31 Chain Mail Armor
RAGNAROK
12:15 Feudal Age
14:24 Wheelbarrow
16:50 Castle Age
14:58 Double-Bit Axe
14:56 Horse Collar
16:58 Scale Barding Armor
17:05 Bloodlines
25:13 Chain Barding Armor
25:03 Forging
34:34 Pikeman
35:14 Squires
35:35 Scale Mail Armor
36:10 Iron Casting
35:30 Arson
35:31 Gambesons
36:30 Bow Saw
38:49 Chain Mail Armor
39:47 Fortified Wall
46:33 Imperial Age
44:42 Loom
46:56 Hand Cart
48:14 Conscription
47:20 Halberdier
Mhao
11:45 Feudal Age
17:00 Castle Age
15:55 Double-Bit Axe
15:51 Horse Collar
16:11 Stone Mining
16:33 Horse Collar
16:56 Gold Mining
18:54 Heavy Plow
21:23 Bow Saw
24:25 Scale Mail Armor
25:49 Loom
30:08 Wheelbarrow
30:27 Forging
33:22 Hand Cart
34:46 Chain Mail Armor
34:42 Town Watch
36:20 Iron Casting
36:27 Pikeman
37:15 Gambesons
39:00 Gold Shaft Mining
39:01 Stone Shaft Mining
41:12 Imperial Age
38:56 Town Patrol
38:47 Gambesons
38:24 Pikeman
41:18 Murder Holes
41:26 Halberdier
42:37 Plate Mail Armor
43:08 Blast Furnace
43:04 Conscription
42:55 Furor Celtica
43:24 Onager
44:26 Fortified Wall
44:45 Capped Ram
Urahara
12:05 Feudal Age
15:42 Castle Age
14:18 Double-Bit Axe
14:49 Stone Mining
15:02 Gold Mining
22:07 Scale Mail Armor
26:24 Loom
41:26 Bow Saw
47:44 Imperial Age
46:37 Fletching
46:58 Forging
46:32 Pikeman
47:13 Squires
47:00 Crossbowman
48:24 Fortified Wall
48:52 Squires
50:43 Bodkin Arrow
50:49 Padded Archer Armor
52:06 Chemistry
50:33 Arbalester
52:00 Bracer
[GDL] Zuko
8:58 Feudal Age
9:29 Double-Bit Axe
9:25 Horse Collar
17:22 Castle Age
15:20 Stone Mining
17:36 Loom
18:24 Scale Mail Armor
19:25 Bow Saw
19:16 Heavy Plow
20:04 Gold Mining
25:16 Fortified Wall
32:03 Squires
34:00 Chain Mail Armor
34:17 Arson
36:10 Forging
39:18 Imperial Age
36:55 Town Watch
38:22 Gold Shaft Mining
39:01 Iron Casting
40:29 Plate Mail Armor
39:28 Capped Ram
42:00 Two-Man Saw
40:43 Elite Berserk
43:18 Blast Furnace
44:30 Two-Man Saw
44:01 Crop Rotation
43:46 Chieftains
44:11 Conscription
44:59 Hoardings
45:52 Siege Engineers
45:09 Siege Ram
47:48 Treadmill Crane
49:53 Fletching
51:56 Fervor
52:22 Hoardings
52:49 Bodkin Arrow
53:16 Ballistics
OPI Sonet
7:09 Loom
10:14 Feudal Age
15:16 Castle Age
14:10 Double-Bit Axe
14:24 Gold Mining
15:35 Fletching
20:21 Wheelbarrow
20:03 Fervor
22:20 Bow Saw
22:19 Horse Collar
29:56 Pikeman
39:00 Sanctity
41:54 Town Watch
42:27 Hand Cart
45:59 Imperial Age
43:01 Crossbowman
45:02 Ballistics
45:49 Thumb Ring
46:52 Bodkin Arrow
48:39 Bracer
48:48 Arbalester
50:03 Heavy Plow
51:12 Chemistry
49:59 Arrowslits
51:24 Stone Mining
RDA Ronan
9:16 Feudal Age
9:58 Double-Bit Axe
10:28 Horse Collar
12:05 Wheelbarrow
17:58 Gold Mining
20:57 Castle Age
22:00 Bow Saw
21:52 Heavy Plow
21:41 Town Watch
23:39 Gold Shaft Mining
24:09 Loom
27:13 Imperial Age
25:20 Scale Barding Armor
26:49 Chain Barding Armor
27:51 Bloodlines
29:15 Plate Barding Armor
29:15 Forging
30:25 Elite Steppe Lancer
31:26 Stone Mining
34:05 Ballistics
34:46 Chemistry
33:13 Cavalier
34:32 Conscription
34:28 Fletching
36:08 Iron Casting
36:41 Coinage
36:26 Bodkin Arrow
37:52 Banking
38:30 Steppe Husbandry
41:01 Paladin
42:25 Capped Ram
45:04 Blast Furnace
44:16 Masonry
45:20 Siege Ram
46:34 Hand Cart
51:59 Padded Archer Armor
RDA | Trippelonga
10:01 Feudal Age
13:57 Castle Age
12:28 Double-Bit Axe
13:07 Horse Collar
13:40 Loom
19:34 Gold Mining
21:59 Bow Saw
22:58 Scale Barding Armor
24:00 Forging
24:43 Heavy Plow
25:59 Chain Barding Armor
26:12 Husbandry
26:44 Bloodlines
30:48 Iron Casting
33:38 Light Cavalry
45:32 Wheelbarrow
48:12 Imperial Age
45:59 Stone Mining
46:45 Gold Shaft Mining
48:43 Cavalier
50:19 Plate Barding Armor
51:35 Blast Furnace
51:16 Savar
53:49 Two-Man Saw
53:28 Crop Rotation
Connection lost

Rejoining the realm…

Still unreachable

The connection could not be restored.

Session expired

The server has moved on; the page needs a fresh start.